 Dungeon Crawl Stone Soup version 0.30-a0-639-g3916f1956a (webtiles) character file.

Game seed: 9224792864601386253

82 bmack86 the Trooper (level 4, 0/40 HPs)
             Began as a Minotaur Fighter on Jan 16, 2023.
             Killed from afar by an oklob plant (11 damage)
             ... with a splash of acid
             ... on level 3 of the Dungeon.
             The game lasted 00:04:32 (2354 turns).

bmack86 the Trooper (Minotaur Fighter)              Turns: 2354, Time: 00:04:33

Health: 0/40       AC:  3    Str: 22    XL:     4   Next: 21%
Magic:  3/3        EV:  9    Int:  5    God:
Gold:   239        SH:  5    Dex: 10    Spells: 3/3 levels left

rFire   . . .      SeeInvis .    a - +0 war axe
rCold   . . .      Faith    .    c - +1 buckler
rNeg    . . .      Spirit   .    b - +0 scale mail
rPois   .          Reflect  .    (helmet restricted)
rElec   .          Harm     .    (no cloak)
rCorr   +          Rampage  .    (no gloves)
Will    .....                    (no boots) Stlth
                                 (no amulet)
HPRegen 0.26/turn                p - ring of resist corrosion
MPRegen 0.08/turn                (no ring)

@: corroded
A: horns 2, retaliatory headbutt
a: no special abilities


You were on level 3 of the Dungeon.
You visited 1 branch of the dungeon, and saw 3 of its levels.

You collected 239 gold pieces.

Inventory:

Hand Weapons
 a - a +0 war axe (weapon)
Missiles
 j - a poisoned dart (quivered)
Armour
 b - a +0 scale mail (worn)
 c - a +1 buckler (worn)
Jewellery
 p - a ring of resist corrosion (left hand)
Scrolls
 e - a scroll of teleportation {unknown}
 f - 2 scrolls of enchant armour
 k - a scroll of fog {unknown}
 m - a scroll of fear {unknown}
 o - a scroll of identify
Potions
 d - a potion of might
 g - a potion of heal wounds
 h - a potion of cancellation
 i - a potion of attraction {unknown}
 l - a potion of curing {unknown}
 n - a potion of flight {unknown}


   Skills:
 + Level 4.2 Fighting
 * Level 3.8 Axes
 + Level 0.9 Throwing
 + Level 4.2 Armour
 + Level 4.1 Shields


You had 3 spell levels left.
You didn't know any spells.
Your spell library contained the following spells:

 Spells                   Type           Power      Damage    Failure   Level
 Inner Flame              Hex/Fire       0%         N/A       99%         3
 Flame Wave               Conj/Fire      0%         2d4       100%        4
 Sticky Flame             Conj/Fire      0%         2d3       100%        4


Dungeon Overview and Level Annotations

Branches:
Dungeon (3/15)

Altars:
Fedhas

Annotations:
D:3 exclusion: oklob plant


Innate Abilities, Weirdness & Mutations

You have a pair of horns on your head.
You reflexively headbutt those who attack you in melee.


Message History

The plant is lightly damaged.
You slash the plant!
A nearby plant withers and dies. x2
The oklob plant spits acid at you. The splash of acid hits you. You resist.
The acid corrodes you!
You hit the oklob plant but do no damage.
You hit the plant.
The plant begins to die.
You hit the plant.
The plant begins to die.
You hit the fungus.
The fungus begins to die.
You hit the fungus.
The fungus begins to die.
You slash the oklob plant!
The oklob plant is lightly damaged.
You hit the plant. x2; You hit the fungus.
You slash the fungus! The oklob plant spits acid at you.
The splash of acid hits you. You resist.
You hit the oklob plant but do no damage.
You headbutt the oklob plant.
The oklob plant is lightly damaged.
You hit the plant. x2; You hit the fungus but do no damage.
You hit the fungus.
A nearby fungus withers and dies. x2
The oklob plant spits acid at you. The splash of acid hits you. You resist.
You slash the oklob plant!
The oklob plant is moderately damaged.
You slash the plant! You hit the plant.
A nearby plant withers and dies. x2
You hit the oklob plant but do no damage.
The oklob plant is moderately damaged.
You hit the oklob plant but do no damage.
You headbutt the oklob plant, but do no damage.
The oklob plant is moderately damaged.
The oklob plant spits acid at you. The splash of acid hits you. You resist.
* * * LOW HITPOINT WARNING * * *
The acid corrodes you!
You hit the oklob plant.
You headbutt the oklob plant, but do no damage.
The oklob plant is moderately damaged.
You hit the oklob plant but do no damage.
The oklob plant is moderately damaged.
The oklob plant spits acid at you. The splash of acid hits you! You resist.
You die... ###################### .....................# ####################.# #.# ######### ##########.# PPPP♣#PP♣#♣P.P#P#P##.# ♣PPPPP♣PPPPP.P.#♣P##.# PPPPPPPPPPP.....P.##.#

♣PPP..#P♣P.#....@.##.#
PP##........#.....##.#
..#..~~~~~..#PP.PP##.#
....~~≈≈≈≈~...PPPP##.#
...~≈~~≈≈≈~~..#PPP#..#
#.~≈≈≈~~≈≈~≈~.PPP.#####
#.~≈≈~...≈~~~..#..#>..#
..~≈≈~._..........###.#
#.~≈≈~...~~~~.....# #.#


You could see an oklob plant.

Vanquished Creatures
  3 adders
  A worm (D:2)
  A dart slug (D:1)
  An orc (D:3)
  3 bats
  4 giant cockroaches
  6 goblins
  4 hobgoblins
  4 kobolds
  2 quokkas
  10 ball pythons
  5 frilled lizards
  5 rats
49 creatures vanquished.

Vanquished Creatures (others)
  16 fungi (D:3)
  38 plants (D:3)
  13 toadstools (D:3)
67 creatures vanquished.

Grand Total: 116 creatures vanquished

Notes
Turn   | Place    | Note
-------+----------+-------------------------------------------
     0 | D:1      | bmack86 the Minotaur Fighter began the quest for the Orb.
     0 | D:1      | Reached XP level 1. HP: 19/19 MP: 0/0
   241 | D:1      | Reached XP level 2. HP: 18/27 MP: 1/1
   695 | D:2      | Reached XP level 3. HP: 33/33 MP: 2/2
  1636 | D:3      | Reached XP level 4. HP: 33/40 MP: 3/3
  1878 | D:3      | Found a blossoming altar of Fedhas.
  1893 | D:3      | Noticed an oklob plant
  2354 | D:3      | Killed from afar by an oklob plant

Illustrated notes

Levels and vault maps discovered:
D:1:      dpeg_arrival_renting, layout_rooms
D:2:      layout_loops_cross
D:3:      layout_basic, tgw_fedhas

Skill      XL: |  1  2  3 |
---------------+----------+-----
Axes           | 3 |  3.8
Fighting       | 4 |  4.2
Armour         | 4 |  4.2
Shields        | 4 |  4.1
Throwing       | |  0.9

Action                   |  1- 3 |  4- 6 || total
-------------------------+-------+-------++-------
Melee: War axe           |   104 |    84 ||   188
       Headbutt          |     9 |    26 ||    35
Throw: Dart              |     4 |     1 ||     5
  Use: Scroll            |     3 |       ||     3
Armor: Scale mail        |    51 |     6 ||    57
Dodge: Dodged            |    72 |     8 ||    80
Block: Buckler           |    38 |     2 ||    40

Table legend: (Time is in decaauts)
 A = Elapsed time spent in this place.
 B = Non-inter-level travel time spent in this place.
 C = Inter-level travel time spent in this place.
 D = Time resting spent in this place.
 E = Time spent auto-exploring this place.
 F = Levels seen in this place.
 G = Mean time per level.
                   A        B        C        D        E       F      G
               +--------+--------+--------+--------+--------+-----+--------+
         Total |   2429 |   2365 |     64 |      0 |   1635 |   3 |  809.7 |
       Dungeon |   2429 |   2365 |     64 |      0 |   1635 |   3 |  809.7 |
               +--------+--------+--------+--------+--------+-----+--------+

Top non-repeatable levels by time:
     D:3: 1116 daAuts
     D:2: 753 daAuts
     D:1: 559 daAuts
